 Dungeon Crawl Stone Soup version 0.28-a0-948-gee6e0bcda6 (webtiles) character file.

Game seed: 3240320120849835642

235663 HessuHobo the Executioner (level 18, -16/180 HPs)
             Began as a Minotaur Berserker on Nov 30, 2021.
             Was a High Priest of Trog.
             Killed from afar by an ironbound frostheart (27 damage)
             ... by creeping frost
             ... on level 3 of the Vaults.
             The game lasted 02:21:32 (52000 turns).

HessuHobo the Executioner (Minotaur Berserker)     Turns: 52000, Time: 02:21:33

Health: -16/180    AC: 26    Str: 36    XL:     18   Next: 91%
Magic:  17/17      EV: 27    Int: 12    God:    Trog [*****.]
Gold:   1926       SH: 16    Dex: 12    Spells: 17/17 levels left

rFire   + . .      SeeInvis +   T - +3 broad axe (flame)
rCold   + . .      Faith    .   W - +4 kite shield "Beeguweh" {rPois Will+ Dex+2}
rNeg    . . .      Spirit   .   t - +8 chain mail {rPois}
rPois   +          Reflect  .   (helmet restricted)
rElec   .          Harm     .   y - +2 cloak of Trumpets {rF+ Int+4}
rCorr   +          Rampage  .   j - +0 pair of gloves
Will    ++++.                   R - +0 pair of boots of Tyuw {rF- rC+ rCorr Str+6}
Stlth   ..........              b - amulet of the acrobat
HPRegen 1.40/turn               Q - ring of fire
MPRegen 0.15/turn               E - ring of Reqav {+Blink rC+ Int+4 SInv Stlth+}

@: about to teleport, strong-willed, corroded, acrobatic, regenerating, hasted,
studying Staves, very quick
A: horns 2, retaliatory headbutt
}: 1/15 runes: serpentine
a: Renounce Religion, Evoke Blink, Berserk, Trog's Hand, Brothers in Arms


You were on level 3 of the Vaults.
You worshipped Trog.
Trog was extremely pleased with you.
You visited 5 branches of the dungeon, and saw 30 of its levels.
You also visited: Bailey.

You collected 2803 gold pieces.
You spent 877 gold pieces at shops.

Inventory:

Hand Weapons
 p - the +4 rapier of the Destroying Stoat {spect, Contam rElec rC- Int+7}
   (You found it on level 1 of the Snake Pit)

   When its wielder attacks, the weapon's spirit leaps out and strikes again.
   The spirit shares a part of any damage it takes with its wielder.
   Int:       It affects your intelligence (+7).
   rC:        It makes you vulnerable to cold.
   rElec:     It insulates you from electricity.
   Contam:    It causes magical contamination when unequipped.
 r - a +0 scimitar
 I - a +8 battleaxe of flaming
 T - a +3 broad axe of flaming (weapon)
 Z - a +1 spectral executioner's axe
Missiles
 v - a throwing net (quivered)
Armour
 a - a +0 plate armour
 c - a +0 kite shield of reflection
 j - a +0 pair of gloves (worn)
 t - a +8 chain mail of poison resistance (worn)
 y - the +2 cloak of Trumpets (worn) {rF+ Int+4}
   (You found it on level 10 of the Dungeon)

   Int:       It affects your intelligence (+4).
   rF:        It protects you from fire.
 R - the +0 pair of boots of Tyuw (worn) {rF- rC+ rCorr Str+6}
   (You found it on level 4 of the Lair of Beasts)

   Str:       It affects your strength (+6).
   rF:        It makes you vulnerable to fire.
   rC:        It protects you from cold.
   rCorr:     It protects you from acid and corrosion.
 W - the +4 kite shield "Beeguweh" (worn) {rPois Will+ Dex+2}
   (You found it on level 5 of the Lair of Beasts)

   Dex:       It affects your dexterity (+2).
   rPois:     It protects you from poison.
   Will:      It increases your willpower.
Jewellery
 b - an amulet of the acrobat (around neck)
 m - a ring of the Octopus King {AC+1 EV+1 Str+1 Int+1 Dex+1 SInv}
   (You found it on level 6 of the Lair of Beasts)

   [ring of see invisible]

   AC:        It affects your AC (+1).
   EV:        It affects your evasion (+1).
   Str:       It affects your strength (+1).
   Int:       It affects your intelligence (+1).
   Dex:       It affects your dexterity (+1).
   SInv:      It lets you see invisible.
 u - the ring "Lunk" {Wiz Drain Dex-2 Slay+6 SInv}
   (You bought it in a shop on level 2 of the Orcish Mines)

   [ring of wizardry]

   It improves your spell success rate.
   Dex:       It affects your dexterity (-2).
   Slay:      It affects your accuracy & damage with ranged weapons and melee
   (+6).
   SInv:      It lets you see invisible.
   Drain:     It drains your maximum health when unequipped.
 B - a ring of positive energy
 D - a ring of protection from cold
 E - the ring of Reqav (right hand) {+Blink rC+ Int+4 SInv Stlth+}
   (You found it on level 6 of the Lair of Beasts)

   [ring of see invisible]

   Int:       It affects your intelligence (+4).
   rC:        It protects you from cold.
   SInv:      It lets you see invisible.
   +Blink:    It lets you blink.
   Stlth:     It makes you more stealthy.
 J - the ring "Nuonwuij" {rF+ AC+4}
   (You took it off a vault sentinel on level 3 of the Vaults)

   [ring of protection]

   AC:        It affects your AC (+4).
   rF:        It protects you from fire.
 Q - a ring of fire (left hand)
Wands
 e - a wand of mindburst (53)
 h - a wand of polymorph (14)
 w - a wand of charming (21)
 A - a wand of digging (14)
 M - a wand of paralysis (13)
 N - a wand of iceblast (52)
 P - a wand of acid (18)
 V - a wand of flame (37)
Scrolls
 l - 3 scrolls of magic mapping
 n - 9 scrolls of teleportation
 q - 2 scrolls of torment
 x - a scroll of fog
 F - 6 scrolls of fear
 K - 3 scrolls of enchant weapon
 S - 4 scrolls of identify
 X - a scroll of enchant armour
Potions
 d - 3 potions of resistance
 f - 2 potions of brilliance
 g - 4 potions of mutation
 k - 2 potions of berserk rage
 o - 2 potions of might
 s - 2 potions of haste
 z - 4 potions of attraction
 C - 2 potions of ambrosia
 G - 2 potions of cancellation
 L - 3 potions of magic
 O - 5 potions of flight
 U - 2 potions of curing


   Skills:
 + Level 20.8 Fighting
 - Level 4.0 Long Blades
 + Level 25.3 Axes
 + Level 19.6 Armour
 - Level 6.4 Dodging
 + Level 14.5 Shields
 + Level 0.8 Evocations


You had 17 spell levels left.
You didn't know any spells.
Your spell library was empty.

Dungeon Overview and Level Annotations

Branches:
Dungeon (15/15)            Temple (0/1) D:4            Lair (6/6) D:10
 Shoals (0/4) Lair:4        Snake (4/4) Lair:3        Slime (0/5) Lair:5
    Orc (2/2) D:9             Elf (0/3) Orc:2        Vaults (3/5) D:14
 Depths (0/4) D:15         Bailey (visited)
  Crypt: Vaults:2-3

Altars:
Cheibriados
Gozag
Kikubaaqudgha
Makhleb
Qazlal
Ru
Xom
Yredelemnul
Zin
Beogh

Shops:
D:5 *   D:12 *(=:   D:15 *   Orc:2 =*:=   Vaults:1 ?

Annotations:
D:12 2 runed translucent doors
Lair:4 2 transporters, BinkBink's ghost, journeyman MiMo


Innate Abilities, Weirdness & Mutations

You have a pair of horns on your head.
You reflexively headbutt those who attack you in melee.


Message History

The ironbound frostheart calls freezing cold from the walls.
The frost grips you! You partially resist.
You are encased in ice.
The ironbound preserver hits you but does no damage.
The war gargoyle hits you with a +0 morningstar!
* * * LOW HITPOINT WARNING * * *
You feel yourself speed up. You block the yaktaur captain's attack.
The war gargoyle launches metal splinters at you.
The spray of metal splinters hits you.
* * * LOW HITPOINT WARNING * * *
You block the ironbound preserver's attack.
You feel better. The yaktaur captain hits you!
* * * LOW HITPOINT WARNING * * *
You block the war gargoyle's attack.
The ironbound preserver hits you with a +0 great mace!
* * * LOW HITPOINT WARNING * * *
You feel much better. The ice encasing you melts away.
You block the war gargoyle's attack. You block the yaktaur captain's attack.
Your skin crawls.
You feel strong-willed.
The war gargoyle hits you with a +0 morningstar!!
* * * LOW HITPOINT WARNING * * *
The ironbound preserver gestures wildly while chanting.
The ironbound preserver begins to accept its allies' injuries.
Okay, then.
You feel much better. The yaktaur captain closely misses you.
You furiously retaliate!
You headbutt the yaktaur captain!
The war gargoyle launches metal splinters at you.
The spray of metal splinters hits you!!!
* * * LOW HITPOINT WARNING * * *
Blink to where?
Press: ? - help, Dir - move target
As you read the scroll of blinking, it crumbles to dust.
As you read the scroll of teleportation, it crumbles to dust.
You feel strangely unstable.
You open the door.
The ironbound frostheart calls freezing cold from the walls.
The frost grips you!! You partially resist.
You die...

#############
#...........#
#...........#
#...........#
#...........#
#...........#
#...........#
#######+#@#######
#...#...#...#
#...#...#...#
#...##.##...#
####.....####
#..#....p#..#
#...)[p.....#
#..#<....#..+
####T....####


You could see an ironbound frostheart (sheltered).

Vanquished Creatures
  Vashnia (Snake:4)
  2 hellephants (Vaults:2)
  Rupert (Snake:1)
  Mlioglotl (Snake:1)
  Gastronok (D:11)
  Agnes (D:15)
  A tengu reaver (Vaults:3)
  Donald (Snake:4)
  3 nagarajas (Snake:4)
  A fire giant (D:15)
  Aizul (Snake:1)
  An orc warlord (Vaults:2)
  7 ironbound preservers
  5 vault wardens
  A very ugly thing (Vaults:3)
  An entropy weaver (Vaults:1)
  Azrael (Snake:1)
  2 crystal guardians
  Josephine (D:15)
  An ettin (D:9)
  A fire dragon (D:15)
  3 yaktaur captains
  5 great orbs of eyes
  2 peacekeepers (Vaults:3)
  5 hydras
  The ghost of generaletaddeo the Covert, a journeyman OpEE of Cheibriados (Lair:1)
  4 boulder beetles
  An ironbound thunderhulk (Vaults:2)
  5 vault guards
  9 anacondas
  19 naga warriors
  3 salamander tyrants
  13 two-headed ogres
  5 centaur warriors
  A merfolk avatar (Lair:6)
  A catoblepas (Lair:2)
  2 ogre magi (Orc:2)
  6 ironbound frosthearts
  Erica (Lair:1)
  A death knight (D:15)
  15 death yaks
  2 tengu warriors (D:14)
  16 naga sharpshooters
  13 hell knights
  8 shock serpents
  Sonja (Lair:2)
  A titan skeleton (Vaults:1)
  3 skeletal warriors (D:13)
  2 salamander mystics
  A golden dragon zombie (Vaults:1)
  17 deep trolls
  7 naga ritualists
  A glowing orange brain (Vaults:3)
  A phantasmal warrior (D:15)
  3 deep elf archers (D:12)
  4 orc knights
  5 necromancers
  10 wizards
  3 lindwurms (Vaults:1)
  2 harpies (Lair:6)
  8 ironbound convokers
  9 mana vipers
  A deep elf pyromancer (D:12)
  A deep elf zephyrmancer (D:12)
  5 cyclopes
  A manticore (Lair:6)
  38 ugly things
  12 slime creatures
  7 salamanders
  Joseph (D:7)
  2 guardian serpents (Snake:3)
  15 naga magi
  12 vault sentinels
  A centaur zombie (D:10)
  17 elephants
  15 cane toads
  2 torpor snails
  2 gargoyles
  35 black mambas
  Maggie (D:7)
  6 rime drakes
  17 komodo dragons
  7 yaktaurs
  3 unseen horrors
  A yaktaur skeleton (Vaults:1)
  10 trolls
  A human skeleton (Vaults:1)
  A merfolk (Lair:4)
  3 polar bears
  A hornet (Lair:6)
  2 wind drakes (Lair:6)
  30 blink frogs
  A snapping turtle (Lair:6)
  2 dream sheep (Lair:5)
  3 redbacks (Vaults:1)
  6 wraiths (D:15)
  5 wyverns
  5 fire elementals (Snake:1)
  2 shadows
  61 yaks
  3 basilisks
  19 humans (D:14)
  Grum (D:11)
  4 vampire mosquitoes (D:14)
  A warg (D:15)
  5 steam dragons
  47 nagas
  An acid dragon (D:10)
  3 hell hounds (Snake:1)
  Duvessa (D:7)
  15 water moccasins
  Pargi (D:4)
  12 orc warriors
  An ice beast (D:7)
  A human zombie (Vaults:1)
  20 ogres
  23 centaurs
  2 necrophages
  10 wolves
  A phantom (D:6)
  2 kobold brigands
  5 bullfrogs
  A gnoll sergeant (D:10)
  A scorpion (D:4)
  Dowan (D:7)
  5 killer bees (D:9)
  8 wights
  3 electric eels
  2 howler monkeys
  A hound (D:6)
  A jelly (D:4)
  A gnoll shaman (D:5)
  17 orc priests
  4 iguanas
  Terence (D:3)
  15 orc wizards
  A killer bee zombie (D:8)
  A hound zombie (D:5)
  16 gnolls
  2 adders
  A white imp (D:8)
  2 ufetubi (D:7)
  A dart slug (D:5)
  59 orcs
  8 ball pythons
  7 endoplasms
  A giant cockroach (D:1)
  5 goblins
  5 hobgoblins
  8 jackals
  2 quokkas
  5 bats
  A frilled lizard (D:1)
  19 kobolds
  7 rats
  2 bushes
  A fungus (Lair:5)
982 creatures vanquished.

Vanquished Creatures (collateral kills)
  A nagaraja (Snake:4)
  A naga warrior (Snake:3)
  A black mamba (Snake:1)
  A naga (Snake:3)
4 creatures vanquished.

Vanquished Creatures (others)
  A wizard (Vaults:1)
  A fire vortex (D:15)
  35 fungi
  84 plants
  2 withered plants (Lair:1)
123 creatures vanquished.

Grand Total: 1109 creatures vanquished

Notes
Turn   | Place    | Note
-------+----------+-------------------------------------------
     0 | D:1      | HessuHobo the Minotaur Berserker began the quest for the
                  | Orb.
     0 | D:1      | Reached XP level 1. HP: 19/19 MP: 0/0
    71 | D:1      | Reached XP level 2. HP: 26/27 MP: 1/1
   251 | D:1      | Reached skill level 4 in Axes
   458 | D:1      | Found a faded altar of an unknown god.
  1194 | D:1      | Reached XP level 3. HP: 34/34 MP: 2/2
  1323 | D:2      | Reached ** piety under Trog
  2052 | D:3      | Found a sacrificial altar of Ru.
  2446 | D:3      | Noticed Terence
  2464 | D:3      | Killed Terence
  2465 | D:3      | Reached skill level 5 in Axes
  2465 | D:3      | Reached XP level 4. HP: 19/41 MP: 3/3
  3181 | D:4      | Noticed an ogre
  3557 | D:4      | Found a staircase to the Ecumenical Temple.
  3567 | D:4      | Noticed a scorpion
  3578 | D:4      | Killed a scorpion
  3579 | D:4      | Reached skill level 5 in Fighting
  3579 | D:4      | Reached XP level 5. HP: 48/48 MP: 4/4
  3824 | D:4      | Found a glowing drain.
  3885 | D:5      | Entered Level 5 of the Dungeon
  3899 | D:5      | Found Erem's General Store.
  3901 | D:5      | Noticed a water moccasin
  3908 | D:5      | Killed a water moccasin
  3909 | D:5      | Reached XP level 6. HP: 56/56 MP: 5/5
  4047 | D:5      | Reached skill level 6 in Axes
  4061 | D:5      | Reached skill level 5 in Armour
  4791 | D:5      | Identified the +0 robe of Ennui {rElec}
  4834 | D:5      | Reached XP level 7. HP: 61/61 MP: 6/6
  6408 | D:6      | Reached skill level 7 in Axes
  6923 | D:6      | Reached XP level 8. HP: 70/70 MP: 7/7
  7149 | D:7      | Found a glowing silver altar of Zin.
  7425 | D:7      | Noticed Maggie
  7425 | D:7      | Noticed a troll
  7753 | D:7      | Killed Maggie
  7754 | D:7      | Reached skill level 8 in Axes
  8119 | D:7      | Killed a troll
  8120 | D:7      | Reached skill level 9 in Axes
  8292 | D:7      | Noticed Joseph
  8310 | D:7      | Killed Joseph
  8311 | D:7      | Reached skill level 10 in Axes
  8311 | D:7      | Reached XP level 9. HP: 51/78 MP: 8/8
  8648 | D:7      | Noticed Dowan
  8648 | D:7      | Noticed Duvessa
  8663 | D:7      | Killed Duvessa
  8679 | D:7      | Killed Dowan
  9310 | D:4      | Reached skill level 11 in Axes
  9713 | D:4      | Found a snail-covered altar of Cheibriados.
  9713 | D:4      | Found an ancient bone altar of Kikubaaqudgha.
  9713 | D:4      | Noticed Pargi
  9718 | D:4      | Killed Pargi
  9719 | D:4      | Reached skill level 10 in Armour
 10709 | D:8      | Noticed a two-headed ogre
 10718 | D:8      | Killed a two-headed ogre
 10719 | D:8      | Reached skill level 12 in Axes
 10719 | D:8      | Reached XP level 10. HP: 66/86 MP: 9/9
 11599 | D:9      | Found a stormy altar of Qazlal.
 11977 | D:9      | Reached *** piety under Trog
 12378 | D:9      | Found a staircase to the Orcish Mines.
 12714 | D:9      | Found a burning altar of Makhleb.
 12714 | D:9      | Noticed a cacodemon
 12816 | D:9      | Noticed a two-headed ogre
 12830 | D:9      | Killed a two-headed ogre
 12831 | D:9      | Reached skill level 13 in Axes
 13257 | D:9      | Reached **** piety under Trog
 13792 | D:10     | Entered Level 10 of the Dungeon
 13940 | D:10     | Identified the +2 cloak of Trumpets {rF+ Int+4}
 13991 | D:10     | Found an opulent altar of Gozag.
 13995 | D:10     | Found a basalt altar of Yredelemnul.
 14040 | D:10     | Found a flagged portal.
 14047 | Bailey   | Entered a bailey
 14047 | Bailey   | Noticed an orc knight
 14047 | Bailey   | Noticed an orc knight
 14047 | Bailey   | Noticed an orc knight
 14068 | D:10     | Reached skill level 14 in Axes
 14387 | D:10     | Reached XP level 11. HP: 97/97 MP: 10/10
 14556 | D:10     | Noticed a boulder beetle
 14569 | D:10     | Killed a boulder beetle
 14908 | D:10     | Found a shimmering altar of Xom.
 15249 | D:10     | Found a staircase to the Lair.
 15828 | Lair:1   | Entered Level 1 of the Lair of Beasts
 15831 | Lair:1   | Noticed Erica
 15853 | Lair:1   | Killed Erica
 15854 | Lair:1   | Reached skill level 15 in Axes
 16192 | Lair:1   | You fall into a shaft and drop 1 floor!
 16872 | Lair:2   | Noticed Sonja
 16892 | Lair:2   | Killed Sonja
 17089 | Lair:2   | Noticed a catoblepas
 17098 | Lair:2   | Killed a catoblepas
 17900 | Lair:3   | Reached skill level 10 in Fighting
 17925 | Lair:3   | Found a staircase to the Snake Pit.
 18114 | Lair:3   | Reached skill level 16 in Axes
 18133 | Lair:3   | Reached XP level 12. HP: 86/106 MP: 11/11
 19243 | Lair:4   | Reached skill level 17 in Axes
 19268 | Lair:4   | Identified the +0 pair of boots of Tyuw {rF- rC+ rCorr
                  | Str+6}
 19287 | Lair:4   | Found a transporter.
 19294 | Lair:4   | Noticed BinkBink's ghost (journeyman MiMo)
 19308 | Lair:4   | Noticed a death yak
 19320 | Lair:4   | Reached ***** piety under Trog
 19414 | Lair:4   | Found a transporter.
 19428 | Lair:4   | Reached skill level 5 in Dodging
 20144 | Lair:4   | Found a staircase to the Shoals.
 20688 | Lair:5   | Reached skill level 18 in Axes
 20768 | Lair:5   | Noticed a four-headed hydra
 20780 | Lair:5   | Killed a one-headed hydra
 20781 | Lair:5   | Reached XP level 13. HP: 118/118 MP: 12/12
 20827 | Lair:5   | Reached skill level 15 in Armour
 20830 | Lair:5   | Reached skill level 1 in Long Blades
 21575 | Lair:5   | Found a staircase to the Slime Pits.
 21611 | Lair:5   | Identified the +4 kite shield "Beeguweh" {rPois Will+
                  | Dex+2}
 22202 | Lair:6   | Entered Level 6 of the Lair of Beasts
 22861 | Lair:6   | Reached skill level 19 in Axes
 23304 | Lair:6   | Reached XP level 14. HP: 63/130 MP: 13/13
 23311 | Lair:6   | Received a gift from Trog
 24112 | Lair:6   | Reached skill level 20 in Axes
 24449 | Lair:6   | Found the ring of the Octopus King
 24825 | Lair:6   | Identified a ring of the Octopus King {AC+1 EV+1 Str+1
                  | Int+1 Dex+1 SInv}
 24859 | Lair:6   | Identified the ring of Reqav {+Blink rC+ Int+4 SInv Stlth+}
 25974 | Lair:1   | Found a runed translucent door.
 25977 | Lair:1   | Noticed generaletaddeo's ghost (journeyman OpEE)
 26019 | Lair:1   | Found a stormy altar of Qazlal.
 26177 | Lair:1   | Killed generaletaddeo's ghost
 26255 | D:11     | Noticed Grum
 26256 | D:11     | Noticed Gastronok
 26264 | D:11     | Killed Grum
 26272 | D:11     | Killed Gastronok
 26704 | D:11     | You fall into a shaft and drop 1 floor!
 26704 | D:12     | Found Poem's Jewellery Shop.
 26775 | D:12     | Found Jionitogg's Antique Weapon Boutique.
 26802 | D:12     | Found Ifeelon's Book Shop.
 26991 | D:12     | Found a runed translucent door.
 26995 | D:12     | Found a runed translucent door.
 27042 | D:12     | Reached skill level 21 in Axes
 27207 | D:12     | Found a runed translucent door.
 27350 | D:12     | Found Emoish's Antique Weapon Boutique.
 27379 | D:12     | Found Runy's General Store.
 27394 | D:12     | Bought a scroll of identify for 30 gold pieces
 27394 | D:12     | Bought a potion of curing for 45 gold pieces
 27414 | D:12     | Reached skill level 15 in Fighting
 28637 | D:5      | Bought a scroll of identify for 22 gold pieces
 28637 | D:5      | Bought a potion of heal wounds for 55 gold pieces
 28637 | D:5      | Bought a scroll of brand weapon for 220 gold pieces
 28637 | D:5      | Bought a scroll of identify for 22 gold pieces
 28837 | D:13     | You fall into a shaft and drop 1 floor!
 28965 | D:14     | You fall into a shaft and drop 1 floor!
 28965 | D:15     | Entered Level 15 of the Dungeon
 28984 | D:15     | Found Nitzaovo's Profane Products.
 29189 | D:15     | Reached XP level 15. HP: 105/141 MP: 14/14
 29456 | D:15     | Found a staircase to the Depths.
 29456 | D:15     | Noticed a fire giant
 30578 | D:14     | Found a gate to the Vaults.
 30588 | D:14     | Reached ****** piety under Trog
 30594 | D:14     | Reached skill level 22 in Axes
 31121 | D:13     | Received a gift from Trog
 32221 | D:15     | Noticed Agnes
 32235 | D:15     | Killed Agnes
 32748 | D:15     | Reached skill level 1 in Shields
 33032 | D:15     | Noticed Josephine
 33039 | D:15     | Killed Josephine
 33208 | D:15     | Killed a fire giant
 34375 | Orc:1    | Entered Level 1 of the Orcish Mines
 35031 | Orc:2    | Entered Level 2 of the Orcish Mines
 35884 | Orc:2    | Received a gift from Trog
 36477 | Orc:2    | Found Ylunk's Assorted Antiques.
 36485 | Orc:2    | Reached XP level 16. HP: 148/154 MP: 15/15
 36486 | Orc:2    | Found Fiq Siyd's Jewellery Shoppe.
 36487 | Orc:2    | Found Soiryiba's Book Boutique.
 36765 | Orc:2    | Found a staircase to the Elven Halls.
 36807 | Orc:2    | Reached skill level 5 in Shields
 36907 | Orc:2    | Bought a heavily runed iron ring for 160 gold pieces
 36907 | Orc:2    | Identified the ring "Lunk" {Wiz Drain Dex-2 Slay+6 SInv}
                  | (You bought it in a shop on level 2 of the Orcish Mines)
 36907 | Orc:2    | Bought a scroll of identify for 64 gold pieces
 36907 | Orc:2    | Bought a scroll of identify for 64 gold pieces
 36924 | Orc:2    | Found Jovaefri's Jewellery Shoppe.
 37632 | Snake:1  | Entered Level 1 of the Snake Pit
 37692 | Snake:1  | Noticed Rupert
 37713 | Snake:1  | Killed Rupert
 38510 | Snake:1  | Identified the +4 rapier of the Destroying Stoat {spect,
                  | Contam rElec rC- Int+7}
 38567 | Snake:1  | Received a gift from Trog
 38657 | Snake:1  | Noticed Aizul
 38663 | Snake:1  | Reached skill level 23 in Axes
 38670 | Snake:1  | Killed Aizul
 38869 | Snake:1  | Noticed Mlioglotl
 39400 | Snake:1  | Killed Mlioglotl
 39684 | Snake:1  | Noticed Azrael
 39702 | Snake:1  | Killed Azrael
 43740 | Snake:4  | Entered Level 4 of the Snake Pit
 43748 | Snake:3  | Reached XP level 17. HP: 166/166 MP: 16/16
 44405 | Snake:4  | Noticed Donald
 44422 | Snake:4  | Killed Donald
 44422 | Snake:4  | Received a gift from Trog
 44463 | Snake:4  | Reached skill level 10 in Shields
 44981 | Snake:4  | Noticed Vashnia
 45050 | Snake:4  | Killed Vashnia
 46214 | Snake:4  | Identified the +0 ring mail of the Crushed Seas {Dex+6}
 46242 | Snake:4  | Reached skill level 24 in Axes
 46538 | Snake:4  | Received a gift from Trog
 46631 | Snake:4  | Got a serpentine rune of Zot
 46958 | Vaults:1 | Entered Level 1 of the Vaults
 47516 | Vaults:1 | Reached XP level 18. HP: 176/176 MP: 17/17
 47829 | Vaults:1 | Found Xuecung's Magic Scroll Shoppe.
 47838 | Vaults:1 | Bought a scroll of fog for 34 gold pieces
 47838 | Vaults:1 | Bought a scroll of teleportation for 51 gold pieces
 47838 | Vaults:1 | Bought a scroll of fear for 59 gold pieces
 47838 | Vaults:1 | Bought a scroll of teleportation for 51 gold pieces
 48136 | Vaults:2 | Received a gift from Trog
 49485 | Vaults:2 | Found a huge runed gate.
 49485 | Vaults:2 | Found a huge runed gate.
 49485 | Vaults:2 | Found a huge runed gate.
 49485 | Vaults:2 | Found a huge runed gate.
 49485 | Vaults:2 | Found a huge runed gate.
 49485 | Vaults:2 | Found a huge runed gate.
 49485 | Vaults:2 | Found a huge runed gate.
 49486 | Vaults:2 | Found a huge runed gate.
 49486 | Vaults:2 | Found a huge runed gate.
 49486 | Vaults:2 | Found a huge runed gate.
 49493 | Vaults:2 | Found a huge runed gate.
 49493 | Vaults:2 | Found a huge runed gate.
 49493 | Vaults:2 | Found a huge runed gate.
 49493 | Vaults:2 | Found a huge runed gate.
 49493 | Vaults:2 | Found a huge runed gate.
 49493 | Vaults:2 | Found a huge runed gate.
 49494 | Vaults:2 | Found a huge runed gate.
 49495 | Vaults:2 | Found a huge runed gate.
 49496 | Vaults:2 | Found a huge runed gate.
 49504 | Vaults:2 | Found a huge runed gate.
 49504 | Vaults:2 | Found a huge runed gate.
 49504 | Vaults:2 | Found a huge runed gate.
 49504 | Vaults:2 | Found a huge runed gate.
 49504 | Vaults:2 | Found a huge runed gate.
 49504 | Vaults:2 | Found a huge runed gate.
 49505 | Vaults:2 | Found a huge runed gate.
 49506 | Vaults:2 | Found a huge runed gate.
 49507 | Vaults:2 | Found a huge runed gate.
 49515 | Vaults:2 | Found a huge runed gate.
 49515 | Vaults:2 | Found a huge runed gate.
 49515 | Vaults:2 | Found a huge runed gate.
 49515 | Vaults:2 | Found a huge runed gate.
 49515 | Vaults:2 | Found a huge runed gate.
 49515 | Vaults:2 | Found a huge runed gate.
 49516 | Vaults:2 | Found a huge runed gate.
 49517 | Vaults:2 | Found a huge runed gate.
 50089 | Vaults:2 | Noticed a hellephant
 50089 | Vaults:2 | Noticed a hellephant
 50479 | Vaults:3 | Reached skill level 25 in Axes
 50509 | Vaults:3 | Identified the ring "Nuonwuij" {rF+ AC+4}
 50736 | Vaults:2 | Received a gift from Trog
 51422 | Vaults:2 | Killed a hellephant
 51925 | Vaults:2 | Killed a hellephant
 51995 | Vaults:3 | HP: 6/180 [war gargoyle/spray of metal splinters[a
                  | peacekeeper] (36)]
 52000 | Vaults:3 | Killed from afar by an ironbound frostheart

Illustrated notes

Levels and vault maps discovered:
D:1:      dpeg_arrival_subterranean_lakeside_camping, layout_loops_ring,
          shapermc_ecumenical_altar_mp_urbaneastern, grunt_decor_clamped,
          st_stairs_6, dk_noncrumbling_3, hangedman_abyss_or_decor_lesser_grid
D:2:      layout_loops_cross, kennysheep_generic_room_14
D:3:      layout_loops_corners, nicolae_ru_awakened_eye, uniq_terence
D:4:      layout_rooms, gammafunk_temple_overflow_wave,
          minmay_temple_entry_statues, cheibrodos_sewer_entry_bend,
          hangedman_decor_points, uniq_pargi
D:5:      layout_loops_ring, serial_shops, nicolae_shop_advertising_works
          [nicolae_subvault_shop_adworks], hangedman_decor_slide_cut,
          hangedman_abyss_or_decor_stagger
D:6:      layout_gridville
D:7:      layout_basic, overflow_temple_1_default, minivault_4, uniq_duvessa,
          uniq_joseph, uniq_maggie
D:8:      layout_cave_pods, serial_park_tiny_2, minmay_misc_feat_pillars,
          minivault_5
D:9:      layout_loops_ring, nicolae_qazlal_style_of_elements,
          makhleb_altar_promises_db, david_orc_5, corexii_checkpoint_a
D:10:     layout_loops_ring, mainiacjoe_overflow_catwalk,
          mainiacjoe_overflow_catwalk_spiral, erik_lair_dragon, enter_bailey_2,
          hex_medium, skrybe_limestone_x
D:11:     layout_small_grid, uniq_gastronok, uniq_grum
D:12:     layout_loops_cross, serial_shops, shop, kennysheep_mini, shop, shop,
          shop, mikee_hates_you
D:13:     layout_rooms
D:14:     layout_layer_cave, grunt_vaults_entry_tiered, hangedman_decor_lopped,
          gauntlet_entry_generic
D:15:     grunt_enter_depths_giant_problem, layout_basic, grunt_decor_junction,
          portal_ice_cave_entry_ugly_swarm, nicolae_evil_shop, uniq_josephine,
          uniq_agnes
Lair:1:   layout_long_grid, basic_altar, gammafunk_ghost_grave,
          infiniplex_staircase_pool, uniq_erica
Lair:2:   layout_loops_ring, serial_bayou_shore_b, uniq_sonja
Lair:3:   layout_roguey, guppyfry_snake_entry_garden, serial_bayou_shore_a,
          grunt_megastairs_2
Lair:4:   layout_loops_ring, elwin_shoals_entry_rooms,
          gammafunk_ghost_berserking_beasts
Lair:5:   layout_regular_city, slime_dummy, serial_bayou_shore_b,
          grunt_megastairs_1
Lair:6:   gammafunk_lair_ancient_temple, layout_regular_city
Snake:1:  layout_gridlike, nicolae_snake_omega, uniq_aizul, uniq_azrael,
          uniq_mlioglotl, uniq_rupert
Snake:2:  layout_basic
Snake:3:  nicolae_snake_attic_fulla_snakes, layout_honeycomb
Snake:4:  minmay_snake_end_coiled, layout_cave_town, lemuel_fruit_tree,
          uniq_vashnia, uniq_donald
Orc:1:    layout_caves, nicolae_volcano_entry_batcave, guppyfry_library_mini,
          uniq_fannar, uniq_snorg
Orc:2:    st_orc_open, layout_caves
Vaults:1: vaults_room_octagon, hangedman_vaults_restitches, v_pattern_2,
          vaults_room_grunt_arrival_ludios, nicolae_vaults_little_ls,
          nicolae_vaults_alarming, layout_vaults_omnigrid, serial_shops, shop
Vaults:2: nicolae_vaults_shelves_hall, vaults_mumra_hexcomb,
          ontoclasm_vaults_loading_screen, hangedman_vaults_corner, v_misc_8,
          v_alt_pattern_2, grunt_vaults_swirl, ontoclasm_vaults_bender,
          not_door_vault_due, nicolae_vaults_windows_and_doors_thing, v_misc_18,
          layout_vaults_maze
Vaults:3: ontoclasm_vaults_echo, nicolae_vaults_twisting_passages,
          vaults_mumra_hex, v_misc_18, ontoclasm_vaults_gateway,
          vaults_dpeg_encased_lava, v_misc_29, layout_vaults_omnibox,
          serial_shops, nicolae_shop_hallway_plus

Skill      XL: |  1  2  3  4  5  6  7  8  9 10 11 12 13 14 15 16 17 18 |
---------------+-------------------------------------------------------+-----
Fighting       | 4 5 6 7 9 10 12 13 15 16 18 19 20 | 20.8
Axes           | 4 5 6 7 10 12 14 16 18 19 21 22 23 24 25 | 25.3
Armour         | 3 4 5 7 9 10 12 13 14 15 16 17 18 19 | 19.6
Dodging        | 3 4 5 6 |  6.4
Long Blades    | 4 |  4.0
Shields        | 4 9 12 14 | 14.5
Evocations     | |  0.8

Action                   |  1- 3 |  4- 6 |  7- 9 | 10-12 | 13-15 | 16-18 || total
-------------------------+-------+-------+-------+-------+-------+-------++-------
Melee: Hand axe          |   102 |    87 |    22 |       |       |       ||   211
       Headbutt          |    16 |    13 |    30 |   113 |   225 |   351 ||   748
       Battleaxe         |       |       |   128 |   414 |   174 |       ||   716
       Scimitar          |       |       |       |     3 |    23 |       ||    26
       Executioner's axe |       |       |       |       |   288 |       ||   288
       Broad axe         |       |       |       |       |   214 |  1099 ||  1313
Throw: Throwing net      |       |       |       |       |       |     1 ||     1
Invok: Berserk           |     2 |     4 |     2 |     7 |     3 |     3 ||    21
       Trog's Hand       |       |     1 |     2 |     2 |     6 |    13 ||    24
       Brothers in Arms  |       |       |       |       |       |     7 ||     7
 Abil: Evoke Blink       |       |       |       |       |     1 |     1 ||     2
  Use: Potion            |       |       |     2 |     1 |     5 |    15 ||    23
       Scroll            |       |       |       |    13 |    18 |    17 ||    48
 Stab: Distracted        |       |       |       |       |     1 |       ||     1
       Invisible         |       |       |       |       |       |     1 ||     1
Armor: Animal skin       |     8 |       |       |       |       |       ||     8
       Ring mail         |    17 |       |       |       |       |       ||    17
       Chain mail        |     6 |    46 |    74 |   181 |   351 |   409 ||  1067
Dodge: Dodged            |    58 |    33 |    86 |   238 |   309 |   378 ||  1102
Block: Kite shield       |       |       |       |     3 |   139 |   739 ||   881

Table legend: (Time is in decaauts)
 A = Elapsed time spent in this place.
 B = Non-inter-level travel time spent in this place.
 C = Inter-level travel time spent in this place.
 D = Time resting spent in this place.
 E = Time spent auto-exploring this place.
 F = Levels seen in this place.
 G = Mean time per level.
                   A        B        C        D        E       F      G
               +--------+--------+--------+--------+--------+-----+--------+
         Total |  52060 |  48873 |   3187 |  23235 |  16535 |  31 | 1679.4 |
       Dungeon |  25112 |  22552 |   2560 |  10598 |   8570 |  15 | 1674.1 |
          Lair |  10424 |  10078 |    346 |   4806 |   3453 |   6 | 1737.3 |
     Snake Pit |   9007 |   8801 |    206 |   4344 |   2300 |   4 | 2251.8 |
  Orcish Mines |   2583 |   2531 |     52 |   1245 |    611 |   2 | 1291.5 |
        Vaults |   4929 |   4908 |     21 |   2240 |   1601 |   3 | 1643.0 |
        Bailey |      3 |      3 |      0 |      0 |      0 |   1 |    3.0 |
               +--------+--------+--------+--------+--------+-----+--------+

Top non-repeatable levels by time:
  Lair:6: 3033 daAuts
Vaults:2: 2915 daAuts
 Snake:3: 2864 daAuts
     D:9: 2579 daAuts
    D:15: 2541 daAuts
 Snake:4: 2160 daAuts
   Orc:2: 2147 daAuts
 Snake:1: 2143 daAuts
    D:10: 2079 daAuts
     D:7: 2057 daAuts
    D:14: 1897 daAuts
  Lair:5: 1885 daAuts
     D:5: 1848 daAuts
 Snake:2: 1838 daAuts
     D:6: 1813 daAuts
